 Dungeon Crawl Stone Soup version 0.27.1-33-g824d729ab1 (webtiles) character file.

Game seed: 8449542431132612303

415749 potato4science the Hoplite (level 22, -18/215 HPs)
             Began as a Minotaur Fighter on Dec 23, 2021.
             Was the Champion of Okawaru.
             Demolished by a stone giant (26 damage)
             ... summoned by a glowing orange brain
             ... on level 3 of the Depths on Dec 24, 2021.
             The game lasted 04:08:05 (61244 turns).

potato4science the Hoplite (Minotaur Fighter)      Turns: 61244, Time: 04:08:06

Health: -18/215    AC: 39    Str: 25    XL:     22   Next: 55%
Magic:  36/36      EV: 11    Int: 17    God:    Okawaru [******]
Gold:   3349       SH: 32    Dex: 10    Spells: 26/29 levels left

rFire    + + +     SeeInvis +   b - +9 broad axe of Penter {flame, rElec rC+}
rCold    + + .     Faith    .   v - +0 tower shield
rNeg     + + +     Spirit   .   Y - +6 plate armour of Paranoia {+Blink +Inv rN+++ Dex-2}
rPois    .         Reflect  +   C - +1 hat "Faeruahu" {Rampage rF+ Dex+3}
rElec    +         Harm     +   X - +2 cloak "Picliune" {Harm rElec}
rCorr    +         Rampage  +   O - +0 pair of gloves of Devotion {rF++}
Will     .....                  D - +2 pair of boots "Fiulo" {Str+3}
Stlth    ..........             H - amulet "Qunicoh" {Reflect Rampage Int+5 Dex-5 SH+5 SInv}
HPRegen  0.45/turn              g - ring of Vibreaf {rElec rF+ rCorr}
MPRegen  0.25/turn              P - ring of Dissent {rC+ rN+ MP+9 Int+2}

@: weak-willed, heroic
A: horns 2, retaliatory headbutt
}: 2/15 runes: barnacled, gossamer
a: Renounce Religion, Evoke Blink, Evoke Invisibility, Heroism, Finesse


You were on level 3 of the Depths.
You worshipped Okawaru.
Okawaru was exalted by your worship.
You visited 8 branches of the dungeon, and saw 39 of its levels.
You visited the Abyss 2 times.
You also visited: Trove, Gauntlet, Volcano and Desolation.

You collected 4162 gold pieces.
You spent 813 gold pieces at shops.

Inventory:

Hand Weapons
 a - the +9 hand axe "Cysach" {venom, rPois Will- Str+3}
   (Okawaru gifted it to you on level 9 of the Dungeon)

   It poisons the flesh of those it strikes.
   Str:       It affects your strength (+3).
   rPois:     It protects you from poison.
   Will:      It decreases your willpower.
 b - the +9 broad axe of Penter (weapon) {flame, rElec rC+}
   (Okawaru gifted it to you in a Gauntlet)

   It burns those it strikes, dealing additional fire damage.
   Big, fiery blades are also staple armaments of hydra-hunters.
   rC:        It protects you from cold.
   rElec:     It insulates you from electricity.
 F - the +5 dagger of Militem {freeze, Fly rF+}
   (You found it in a Gauntlet)

   It freezes those it strikes, dealing additional cold damage.
   It can also slow down cold-blooded creatures.
   rF:        It protects you from fire.
   Fly:       It grants you flight.
Missiles
 q - 43 boomerangs (quivered)
Armour
 v - a +0 tower shield (worn)
 C - the +1 hat "Faeruahu" (worn) {Rampage rF+ Dex+3}
   (Okawaru gifted it to you on level 1 of the Depths)

   Dex:       It affects your dexterity (+3).
   rF:        It protects you from fire.
   Rampage:   It bestows one free step when moving towards enemies.
 D - the +2 pair of boots "Fiulo" (worn) {Str+3}
   (Okawaru gifted it to you on level 3 of the Lair of Beasts)

   Str:       It affects your strength (+3).
 O - the +0 pair of gloves of Devotion (worn) {rF++}
   (Okawaru gifted it to you on level 5 of the Lair of Beasts)

   rF:        It greatly protects you from fire.
 U - a scarf of resistance
 X - the +2 cloak "Picliune" (worn) {Harm rElec}
   (You found it on level 3 of the Spider Nest)

   rElec:     It insulates you from electricity.
   Harm:      It increases damage dealt and taken.
 Y - the +6 plate armour of Paranoia (worn) {+Blink +Inv rN+++ Dex-2}
   (You found it in the Desolation of Salt)

   Dex:       It affects your dexterity (-2).
   rN:        It renders you almost immune to negative energy.
   +Inv:      It lets you turn invisible.
   +Blink:    It lets you blink.
 Z - a +0 cloak of willpower
Jewellery
 g - the ring of Vibreaf (left hand) {rElec rF+ rCorr}
   (You acquired it on level 4 of the Dungeon)

   [ring of protection from fire]

   rF:        It protects you from fire.
   rElec:     It insulates you from electricity.
   rCorr:     It protects you from acid and corrosion.
 l - a ring of willpower
 r - a ring of willpower
 G - the amulet of Wyihi {Spirit *Slow rC- Regen+ Str+10}
   (You found it in a treasure trove)

   [amulet of guardian spirit]

   It causes incoming damage to be divided between your reserves of health and
   magic.
   Str:       It affects your strength (+10).
   rC:        It makes you vulnerable to cold.
   Regen:     It increases your rate of health regeneration.
   *Slow:     It may slow you when you take damage.
 H - the amulet "Qunicoh" (around neck) {Reflect Rampage Int+5 Dex-5 SH+5 SInv}
   (You found it in the Desolation of Salt)

   [amulet of reflection]

   It reflects blocked missile attacks.
   Int:       It affects your intelligence (+5).
   Dex:       It affects your dexterity (-5).
   SInv:      It lets you see invisible.
   SH:        It affects your SH (+5).
   Rampage:   It bestows one free step when moving towards enemies.
 P - the ring of Dissent (right hand) {rC+ rN+ MP+9 Int+2}
   (You found it on level 4 of the Shoals)

   [ring of positive energy]

   Int:       It affects your intelligence (+2).
   rC:        It protects you from cold.
   rN:        It protects you from negative energy.
   MP:        It affects your magic capacity (+9).
 S - the ring of Winter {rF++ rN+}
   (You found it on level 4 of the Shoals)

   [ring of positive energy]

   rF:        It greatly protects you from fire.
   rN:        It protects you from negative energy.
Wands
 J - a wand of digging (15)
Scrolls
 n - 6 scrolls of fog
 s - 3 scrolls of teleportation
 t - 11 scrolls of fear
 w - 5 scrolls of enchant armour
 x - 7 scrolls of magic mapping
 y - a scroll of silence
 K - 4 scrolls of blinking
 T - a scroll of holy word
 W - a scroll of summoning
Potions
 j - 9 potions of haste
 k - 16 potions of curing
 m - 16 potions of heal wounds
 o - 7 potions of might
 z - 3 potions of mutation
 A - 5 potions of cancellation
 E - 5 potions of invisibility
 I - 8 potions of brilliance
 L - 8 potions of ambrosia
 M - 3 potions of magic
 N - 7 potions of resistance
 V - 2 potions of berserk rage


   Skills:
 + Level 22.2(27) Fighting
 - Level 18.0(23.0) Axes
 + Level 22.3(27) Armour
 - Level 4.0(9.0) Dodging
 * Level 24.7(27) Shields
 - Level 4.0 Spellcasting
 - Level 4.0 Translocations
 - Level 8.0 Invocations
 - Level 2.0 Evocations


You had 26 spell levels left.
You knew the following spells:

 Your Spells              Type           Power      Damage    Failure   Level
a - Apportation           Tloc           34%        N/A       10%         1
b - Blink                 Tloc           N/A        N/A       16%         2

Your spell library contained the following spells:

 Spells                   Type           Power      Damage    Failure   Level
 Gell's Gravitas          Tloc           8%         N/A       30%         3
 Lesser Beckoning         Tloc           8%         N/A       30%         3
 Teleport Other           Tloc           17%        N/A       30%         3
 Animate Skeleton         Necr           6%         N/A       45%         1
 Beastly Appendage        Tmut           6%         N/A       45%         1
 Corona                   Hex            3%         N/A       45%         1
 Shock                    Conj/Air       12%        1d3       45%         1
 Sting                    Tmut/Pois      12%        1d3       45%         1
 Summon Small Mammal      Summ           12%        N/A       45%         1
 Portal Projectile        Hex/Tloc       20%        N/A       56%         3
 Poisonous Vapours        Pois/Air       6%         N/A       61%         2
 Searing Ray              Conj           6%         3d3       61%         2
 Static Discharge         Conj/Air       3%         N/A       61%         2
 Wereblood                Tmut           3%         N/A       61%         2
 Passage of Golubria      Tloc           N/A        N/A       69%         4
 Call Canine Familiar     Summ           3%         N/A       83%         3
 Conjure Flame            Conj/Fire      3%         6-21      83%         3
 Dazzling Flash           Conj/Hex       6%         N/A       83%         3
 Frozen Ramparts          Ice            6%         1d2       83%         3
 Ignite Poison            Fire/Tmut/Pois 3%         N/A       83%         3
 Spider Form              Tmut/Pois      1%         N/A       83%         3
 Stone Arrow              Conj/Erth      6%         3d7       83%         3
 Summon Guardian Golem    Hex/Summ       3%         N/A       83%         3
 Swiftness                Air            3%         N/A       83%         3
 Iskenderun's Mystic Bla  Conj/Tloc      10%        2d4       92%         4
 Manifold Assault         Tloc           17%        N/A       95%         5
 Airstrike                Air            1%         N/A       99%         4
 Animate Armour           Summ/Erth      6%         N/A       99%         4
 Animate Dead             Necr           1%         N/A       99%         4
 Cause Fear               Hex            1%         N/A       99%         4
 Dispel Undead            Necr           3%         3d7       99%         4
 Hailstorm                Conj/Ice       3%         3d3       99%         4
 Ice Form                 Ice/Tmut       3%         N/A       99%         4
 Leda's Liquefaction      Hex/Erth       1%         N/A       99%         4
 Sticky Flame             Conj/Fire      3%         2d3       99%         4
 Summon Ice Beast         Ice/Summ       3%         N/A       99%         4
 Summon Lightning Spire   Summ/Air       3%         N/A       99%         4
 Agony                    Necr           3%         N/A       100%        5
 Bolt of Magma            Conj/Fire/Erth 1%         4d4       100%        5
 Borgnjor's Vile Clutch   Necr/Erth      1%         N/A       100%        5
 Irradiate                Conj/Tmut      1%         3d13      100%        5
 Lightning Bolt           Conj/Air       1%         1d12      100%        5
 Silence                  Hex/Air        1%         N/A       100%        5
 Death Channel            Necr           1%         N/A       100%        6
 Eringya's Noxious Bog    Tmut/Pois      1%         N/A       100%        6
 Simulacrum               Ice/Necr       1%         N/A       100%        6
 Starburst                Conj/Fire      1%         6d3       100%        6
 Statue Form              Tmut/Erth      2%         N/A       100%        6
 Dragon Form              Tmut           1%         N/A       100%        7
 Haunt                    Necr/Summ      1%         N/A       100%        7
 Storm Form               Tmut/Air       1%         N/A       100%        7
 Borgnjor's Revivificati  Necr           1%         N/A       100%        8
 Infestation              Necr           1%         N/A       100%        8
 Lehudib's Crystal Spear  Conj/Erth      1%         10d2      100%        8
 Maxwell's Capacitive Co  Air            1%         ∞         100%        8
 Necromutation            Tmut/Necr      1%         N/A       100%        8
 Chain Lightning          Conj/Air       1%         3d2       100%        9
 Death's Door             Necr           1%         N/A       100%        9
 Dragon's Call            Summ           1%         N/A       100%        9


Dungeon Overview and Level Annotations

Branches:
Dungeon (15/15)            Temple (1/1) D:5            Lair (6/6) D:11
 Shoals (4/4) Lair:4       Spider (4/4) Lair:4        Slime (0/5) Lair:5
    Orc (2/2) D:9             Elf (0/3) Orc:2        Vaults (4/5) D:14
  Crypt (0/3) Vaults:3     Depths (3/5) D:15        Volcano (visited)
Desolation (visited)      Gauntlet (visited)

Altars:
Ashenzari
Cheibriados
Dithmenos
Elyvilon
Fedhas
Gozag
Hepliaklqana
Kikubaaqudgha
Makhleb
Nemelex Xobeh
Okawaru
Qazlal
Ru
Sif Muna
Trog
Uskayaw
Vehumet
Wu Jian
Xom
Yredelemnul
Zin
The Shining One
Beogh

Shops:
D:2 ?   D:15 :   Orc:1 (   Orc:2 (:=!(

Portals:
Hell: Depths:1 Depths:2
Abyss: Depths:2
Ziggurat: Depths:2

Annotations:
Lair:4 exclusion: oklob plant
Vaults:4 3 runed translucent doors, exclusion: obsidian statue, EnronHubbard's ghost, veteran OgWr


Innate Abilities, Weirdness & Mutations

You have a pair of horns on your head.
You reflexively headbutt those who attack you in melee.


Message History

The stone giant hits you but does no damage.
The phantasmal warrior hits you.
Your willpower is stripped away!
The phantasmal warrior hits you but does no damage.
The frost giant gestures at you while chanting.
The bolt of cold hits the phantasmal warrior!
The phantasmal warrior resists.
The bolt of cold hits you! You resist.
The vampire knight hits you from afar with a +0 bardiche!
The vampire knight blinks!
The phantasmal warrior hits you but does no damage.
The phantasmal warrior hits you. The stone giant barely misses you.
The stone giant hits you.
The vampire knight hits you with a +0 bardiche!!
The vampire knight bites you but does no damage.
The phantasmal warrior hits you but does no damage. x2
The stone giant hits you!! The stone giant hits you!
* * * LOW HITPOINT WARNING * * *
The vampire knight hits you but does no damage.
The vampire knight bites you but does no damage.
The vampire knight hits you with a +0 bardiche!
* * * LOW HITPOINT WARNING * * *
The vampire knight bites you!
* * * LOW HITPOINT WARNING * * *
The glowing orange brain blinks!
The phantasmal warrior hits you!
* * * LOW HITPOINT WARNING * * *
The phantasmal warrior hits you but does no damage.
The stone giant hits you but does no damage.
The stone giant hits you.
* * * LOW HITPOINT WARNING * * *
The vampire knight hits you but does no damage.
The vampire knight bites you but does no damage.
You can move again.
You block the phantasmal warrior's attack. x2
The stone giant hits you.
* * * LOW HITPOINT WARNING * * *
The frost giant hits you with a +4 battleaxe of freezing.
* * * LOW HITPOINT WARNING * * *
You block the vampire knight's attack.
The vampire knight bites you but does no damage.
The stone giant hits you!!
You die...

###+#######+#
#............
#............
#...W.V......
#....@C......
#...WCC......
#....C.......
#............
#.^..........
#............
#..[.....G...
#............


You could see a frost giant (summoned), 3 stone giants, a vampire knight (fast),
a glowing orange brain and 2 phantasmal warriors.

Vanquished Creatures
  Saint Roka (Orc:2)
  Jorgrun (D:14)
  Rupert (Lair:4)
  The ghost of jfcaron the Warrior, an adept DjAE of Makhleb (Shoals:1)
  A titan (Vaults:4)
  3 sphinxes
  A tentacled starspawn (Abyss:4)
  A shadow dragon (Vaults:4)
  Kirke (Lair:5)
  Donald (Orc:2)
  A tengu reaver (Vaults:3)
  Roxanne (Spider:3)
  A fire giant (Depths:1)
  2 deep elf sorcerers (Depths:2)
  6 orc warlords
  3 frost giants
  4 imperial myrmidons (Desolation)
  9 vault wardens
  5 emperor scorpions
  A balrug (Depths:2)
  6 ghost moths
  11 very ugly things
  11 ironbound preservers
  2 war gargoyles (Vaults:1)
  3 stone giants
  A vampire knight (Depths:1)
  5 entropy weavers
  A minotaur (Gauntlet)
  A yellow draconian (Abyss:4)
  Nessos (D:13)
  A deep elf annihilator (Depths:2)
  12 dire elephants
  A halazid warlock (Desolation)
  4 merfolk javelineers
  3 spark wasps
  A white draconian (Abyss:4)
  2 eidola (Vaults:3)
  3 crystal guardians
  2 fire dragons
  5 ettins
  A deep elf high priest (Vaults:4)
  Josephine (D:14)
  6 merfolk impalers
  4 ragged hierophants (Desolation)
  15 yaktaur captains
  6 peacekeepers
  Harold (D:7)
  4 great orbs of eyes
  A great orb of eyes (shapeshifter) (Vaults:3)
  9 vault guards
  An ice dragon (Depths:2)
  5 hydras
  9 servants of whispers (Desolation)
  4 boulder beetles
  4 rakshasas
  3 ironbound thunderhulks
  3 catoblepae
  3 ogre magi (Orc:2)
  12 ironbound frosthearts
  10 centaur warriors
  5 merfolk avatars
  7 merfolk aquamancers
  2 alligator snapping turtles
  A two-headed ogre (shapeshifter) (Vaults:2)
  4 two-headed ogres
  A deep troll earth mage (Depths:1)
  A vampire mage (Vaults:3)
  6 tengu warriors
  An orc high priest (Orc:2)
  A deep troll shaman (Depths:1)
  3 death yaks (Lair:6)
  Urug (D:10)
  A spriggan berserker (Depths:2)
  2 thrashing horrors
  7 ironbound beastmasters
  7 sun demons
  2 wretched stars (Abyss:2)
  2 soul eaters
  4 hell knights
  3 iron trolls (Depths:1)
  A spectral death yak (Lair:6)
  2 salamander mystics (Depths:2)
  6 sea snakes
  36 deep trolls
  A spectral anaconda (Lair:6)
  2 spatial maelstroms (Abyss:4)
  2 glowing orange brains
  Pikel (D:4)
  22 wizards
  A golden dragon skeleton (Depths:1)
  An obsidian statue (Lair:6)
  22 harpies
  A phantasmal warrior (Vaults:4)
  2 shadow dragon zombies
  13 ironbound convokers
  A lindwurm (Vaults:2)
  2 deep elf pyromancers
  4 orc knights
  42 ugly things
  10 necromancers
  4 oklob plants (Lair:5)
  21 orb spiders
  4 deep elf zephyrmancers (Depths:2)
  12 cyclopes
  8 fauns
  14 orc sorcerers
  6 moths of wrath
  6 salamanders
  18 manticores
  26 wolf spiders
  14 elephants
  An apocalypse crab (Abyss:4)
  3 black mambas
  Maurice (Orc:1)
  3 water nymphs
  5 guardian serpents (Desolation)
  13 merfolk sirens
  13 vault sentinels
  8 smoke demons
  An eye of devastation (Abyss:4)
  Maggie (D:6)
  4 torpor snails
  10 cane toads
  2 gargoyles (D:12)
  2 rime drakes
  2 efreet (Abyss:4)
  4 kobold demonologists
  An unseen horror (shapeshifter) (D:13)
  Psyche (D:8)
  36 yaktaurs
  A dire elephant skeleton (Lair:6)
  5 komodo dragons
  5 tengu conjurers
  A freezing wraith (D:15)
  16 demonic crawlers
  2 queen bees
  2 spriggan skeletons (Depths:2)
  3 ancient zymes
  10 trolls
  A polar bear (Lair:4)
  9 meliai
  35 merfolk
  A troll (shapeshifter) (D:14)
  11 wind drakes
  26 jumping spiders
  5 hornets
  4 raiju
  A spectral elephant (Lair:6)
  50 saltlings (Desolation)
  15 blink frogs
  A meliai zombie (D:11)
  33 slime creatures
  28 dream sheep
  A fire giant simulacrum (Depths:1)
  74 redbacks
  A flying skull (Vaults:3)
  An air elemental (Abyss:4)
  10 starcursed masses (Abyss:4)
  3 shadows
  15 snapping turtles
  17 water elementals
  A vampire (D:11)
  6 wraiths
  19 tarantellas
  4 wyverns
  A dire elephant simulacrum (Lair:6)
  A ynoxinul (Abyss:2)
  3 hogs (Lair:5)
  Eustachio (D:4)
  59 yaks
  9 basilisks
  A fire bat (Abyss:4)
  7 humans (D:14)
  2 golden eyes (Abyss:4)
  A death yak simulacrum (Lair:6)
  6 vampire mosquitoes
  Grum (D:10)
  5 steam dragons
  2 chaos spawn (Abyss:2)
  A spatial vortex (Abyss:4)
  2 spectral cane toads (Lair:6)
  2 wargs (Orc:2)
  An acid dragon (D:10)
  22 water moccasins
  Duvessa (D:7)
  4 hell hounds (Volcano)
  5 large abominations
  2 ice beasts
  32 orc warriors
  A sky beast (Abyss:2)
  7 small abominations
  7 boggarts
  3 elephant zombies (Lair:6)
  3 necrophages
  A tengu (shapeshifter) (D:14)
  6 ogres
  36 wolves
  8 centaurs
  A phantom (D:9)
  The ghost of rozman the Chiller, an amateur MfIE (D:3)
  6 kobold brigands
  13 bullfrogs
  A gnoll sergeant (D:11)
  2 scorpions (D:7)
  A wyvern zombie (D:6)
  3 cane toad simulacra (Lair:6)
  3 troll zombies (D:9)
  5 jellies
  Dowan (D:7)
  32 killer bees
  An elephant simulacrum (Lair:6)
  3 howler monkeys (D:8)
  6 electric eels
  5 crimson imps (Abyss:4)
  6 centaur zombies
  A bullfrog zombie (D:6)
  4 bullfrog skeletons
  A centaur skeleton (D:5)
  11 orc priests
  3 iguanas
  45 orc wizards
  3 ogre zombies (D:9)
  7 gnolls
  A howler monkey skeleton (D:6)
  10 adders
  A river rat (Lair:3)
  3 shadow imps
  9 white imps
  4 ufetubi
  2 worms (D:2)
  A dart slug (D:2)
  84 orcs
  8 endoplasms
  6 giant cockroaches
  4 goblins
  6 hobgoblins
  4 jackals (D:1)
  30 kobolds
  5 quokkas
  3 ball pythons
  4 bats
  A frilled lizard (D:3)
  2 goblin skeletons (D:9)
  A goblin zombie (D:9)
  A hobgoblin skeleton (D:9)
  4 hobgoblin zombies (D:9)
  2 orc skeletons (D:9)
  9 orc zombies (D:9)
  5 rats
  A spectral kobold (Depths:1)
  3 pillars of salt (Desolation)
  A starspawn tentacle (Abyss:4)
  A withered plant (Lair:6)
1741 creatures vanquished.

Vanquished Creatures (others)
  3 wizards
  A deep elf pyromancer (D:15)
  A human (D:14)
  An orc wizard (Orc:1)
  A white imp (Abyss:4)
  2 orcs
  12 demonic plants (Gauntlet)
  32 fungi
  A pillar of salt (Desolation)
  100 plants
  A starspawn tentacle (Abyss:4)
  19 withered plants
174 creatures vanquished.

Grand Total: 1915 creatures vanquished

Notes
Turn   | Place    | Note
-------+----------+-------------------------------------------
     0 | D:1      | potato4science the Minotaur Fighter began the quest for the
                  | Orb.
     0 | D:1      | Reached XP level 1. HP: 19/19 MP: 0/0
   226 | D:1      | Reached XP level 2. HP: 24/27 MP: 1/1
   623 | D:2      | Reached skill level 4 in Shields
   633 | D:2      | Reached XP level 3. HP: 27/33 MP: 2/2
   938 | D:2      | Got A Beginning Course on the Arcane Arts
   984 | D:2      | Found Amotuc's Magic Scroll Shop.
  1084 | D:2      | Reached skill level 1 in Dodging
  1238 | D:2      | Reached XP level 4. HP: 40/40 MP: 3/3
  1611 | D:3      | Found a large runed translucent door.
  1612 | D:3      | Found a large runed translucent door.
  1615 | D:3      | Noticed rozman's ghost (amateur MfIE)
  1716 | D:3      | Found a bloodstained altar of Trog.
  1814 | D:3      | Found an ornate altar of the Wu Jian Council.
  1816 | D:3      | Found a shimmering blue altar of Sif Muna.
  1820 | D:3      | Found an opulent altar of Gozag.
  2172 | D:3      | Reached XP level 5. HP: 47/47 MP: 4/4
  2263 | D:3      | Found a faded altar of an unknown god.
  2408 | D:4      | Identified a scroll of acquirement
  2408 | D:4      | Acquired the ring of Vibreaf {rElec rF+ rCorr}
  2647 | D:4      | Noticed Eustachio
  2753 | D:4      | Reached XP level 6. HP: 37/55 MP: 5/5
  2889 | D:4      | Killed Eustachio
  2890 | D:4      | Reached skill level 5 in Fighting
  2890 | D:4      | Reached skill level 5 in Axes
  2890 | D:4      | Reached skill level 5 in Armour
  2890 | D:4      | Reached skill level 5 in Shields
  2989 | D:4      | Noticed Pikel
  3014 | D:4      | Killed Pikel
  3015 | D:4      | Reached skill level 6 in Shields
  3015 | D:4      | Reached XP level 7. HP: 14/63 MP: 6/6
  3600 | D:5      | Entered Level 5 of the Dungeon
  3831 | D:5      | Reached XP level 8. HP: 61/71 MP: 7/7
  4500 | D:5      | Found a staircase to the Ecumenical Temple.
  4509 | Temple   | Entered the Ecumenical Temple
  4547 | Temple   | Became a worshipper of Warmaster Okawaru
  4735 | D:3      | Killed rozman's ghost
  4736 | D:3      | Reached skill level 7 in Shields
  5322 | D:6      | Reached * piety under Okawaru
  5438 | D:6      | Reached skill level 1 in Invocations
  5438 | D:6      | Reached XP level 9. HP: 70/80 MP: 8/8
  5641 | D:6      | Noticed Maggie
  5689 | D:6      | Killed Maggie
  5999 | D:6      | Reached skill level 8 in Shields
  6099 | D:6      | Reached ** piety under Okawaru
  6328 | D:7      | Noticed a komodo dragon
  6385 | D:7      | Killed a komodo dragon
  6533 | D:7      | Reached *** piety under Okawaru
  6689 | D:7      | Reached skill level 9 in Shields
  6784 | D:7      | Reached XP level 10. HP: 91/91 MP: 10/10
  6809 | D:7      | Noticed Duvessa
  6810 | D:7      | Noticed Dowan
  6817 | D:7      | Killed Dowan
  6823 | D:7      | HP: 4/91 [Duvessa (1)]
  6826 | D:7      | Killed Duvessa
  7629 | D:7      | Noticed Harold
  7651 | D:7      | Killed Harold
  7651 | D:7      | Reached **** piety under Okawaru
  8197 | D:8      | Noticed Psyche
  8198 | D:8      | Reached skill level 10 in Armour
  8426 | D:8      | Killed Psyche
  8426 | D:8      | Received a gift from Okawaru
  8519 | D:8      | Reached skill level 10 in Fighting
  8519 | D:8      | Reached skill level 10 in Axes
  8563 | D:8      | Reached skill level 10 in Shields
  8924 | D:9      | Noticed a two-headed ogre
  9027 | D:8      | Reached ***** piety under Okawaru
  9256 | D:8      | Noticed a soul eater
  9265 | D:8      | Noticed a soul eater
  9265 | D:8      | Noticed a sun demon
  9308 | D:9      | Reached XP level 11. HP: 101/101 MP: 12/12
  9316 | D:9      | Found a burning altar of Makhleb.
  9361 | D:9      | Killed a two-headed ogre
  9605 | D:9      | Found an ancient bone altar of Kikubaaqudgha.
  9757 | D:9      | Found a staircase to the Orcish Mines.
 10075 | D:9      | Identified the +9 hand axe "Cysach" {venom, rPois Will-
                  | Str+3} (Okawaru gifted it to you on level 9 of the Dungeon)
 10075 | D:9      | Received a gift from Okawaru
 10553 | D:10     | Entered Level 10 of the Dungeon
 10553 | D:10     | Noticed Grum
 10553 | D:10     | Noticed Urug
 10847 | D:10     | Found a hide-covered altar of Uskayaw.
 10928 | D:10     | Noticed a centaur warrior
 10937 | D:9      | Reached skill level 5 in Invocations
 11018 | D:10     | Killed a centaur warrior
 11024 | D:10     | Killed Grum
 11038 | D:10     | Reached skill level 11 in Shields
 11071 | D:10     | Killed Urug
 11071 | D:10     | Received a gift from Okawaru
 11665 | D:11     | Found a staircase to the Lair.
 11836 | D:11     | Identified the +10 lajatang of Isywkeir {drain, Dex+4}
                  | (Okawaru gifted it to you on level 11 of the Dungeon)
 11836 | D:11     | Received a gift from Okawaru
 11846 | D:11     | Reached ****** piety under Okawaru
 11960 | D:11     | Reached XP level 12. HP: 83/110 MP: 15/15
 12363 | D:11     | Noticed a tengu warrior
 12407 | D:11     | Killed a tengu warrior
 12407 | D:11     | Identified the +1 pair of gloves of Forking Paths {Harm}
                  | (Okawaru gifted it to you on level 11 of the Dungeon)
 12407 | D:11     | Received a gift from Okawaru
 12964 | D:12     | Reached skill level 12 in Shields
 13605 | D:12     | Noticed a two-headed ogre
 13613 | D:12     | Killed a two-headed ogre
 14092 | D:12     | Noticed a two-headed ogre
 14098 | D:12     | Killed a two-headed ogre
 14479 | D:13     | Noticed Nessos
 14498 | D:13     | Killed Nessos
 14498 | D:13     | Received a gift from Okawaru
 14499 | D:13     | Reached XP level 13. HP: 31/119 MP: 11/18
 14864 | D:13     | Learned a level 1 spell: Apportation
 17241 | D:14     | Reached skill level 13 in Shields
 17587 | D:14     | Received a gift from Okawaru
 17764 | D:14     | Found a gate to the Vaults.
 17839 | D:14     | Noticed Jorgrun
 17842 | D:14     | Received a gift from Okawaru
 17852 | D:14     | Killed Jorgrun
 18425 | D:14     | Noticed Josephine
 18433 | D:14     | Killed Josephine
 18704 | D:15     | Entered Level 15 of the Dungeon
 18921 | D:15     | Reached XP level 14. HP: 130/130 MP: 19/19
 18974 | D:15     | Found a radiant altar of Vehumet.
 19081 | D:15     | Reached skill level 14 in Shields
 19280 | D:15     | Found a staircase to the Depths.
 19409 | D:15     | Found Qekhlid's Book Shop.
 19633 | Lair:1   | Entered Level 1 of the Lair of Beasts
 19693 | Lair:1   | Found a gate leading to a gauntlet.
 19707 | Gauntlet | Entered a Gauntlet
 19707 | Gauntlet | Found a transporter.
 19707 | Gauntlet | Found a transporter.
 19707 | Gauntlet | Found a transporter.
 19707 | Gauntlet | Found a transporter.
 19727 | Gauntlet | Found a transporter.
 19737 | Gauntlet | Found a transporter.
 19741 | Gauntlet | Found a transporter.
 19751 | Gauntlet | Found a transporter.
 19772 | Gauntlet | Found a transporter.
 19777 | Gauntlet | Found a transporter.
 19795 | Gauntlet | Found a transporter.
 19841 | Gauntlet | Found a transporter.
 19944 | Gauntlet | Identified the ring "Ymorao Ocry" {rF+ rC+ Str+3 Int+7
                  | Dex-4}
 19975 | Gauntlet | Identified the +9 broad axe of Penter {flame, rElec rC+}
                  | (Okawaru gifted it to you in a Gauntlet)
 19975 | Gauntlet | Received a gift from Okawaru
 20021 | Gauntlet | Identified the +5 dagger of Militem {freeze, Fly rF+}
 20072 | Gauntlet | Identified the +2 shortbow "Kujat" {venom, rElec rN+ Int+5
                  | Dex-4}
 21043 | Lair:2   | Found a dark tunnel.
 21072 | Volcano  | Entered a volcano
 21988 | Volcano  | Identified the +0 cloak "Xesirega" {Rampage Regen+ Int+8
                  | Slay-3} (Okawaru gifted it to you in a volcano)
 21988 | Volcano  | Received a gift from Okawaru
 23872 | Lair:3   | Reached skill level 15 in Armour
 24140 | Lair:3   | Reached skill level 15 in Fighting
 24162 | Lair:3   | Reached skill level 15 in Shields
 24166 | Lair:3   | Reached skill level 15 in Axes
 24175 | Lair:3   | Identified the +2 pair of boots "Fiulo" {Str+3} (Okawaru
                  | gifted it to you on level 3 of the Lair of Beasts)
 24175 | Lair:3   | Received a gift from Okawaru
 24513 | Lair:3   | Reached XP level 15. HP: 141/141 MP: 20/20
 24949 | Lair:4   | Found a hole to the Spider Nest.
 25185 | Lair:4   | Found a hazy altar of Hepliaklqana.
 25204 | Lair:4   | Found a staircase to the Shoals.
 25516 | Lair:4   | Reached XP level 16. HP: 144/150 MP: 21/21
 26154 | Lair:5   | Found a staircase to the Slime Pits.
 26300 | Lair:5   | Noticed Kirke
 26314 | Lair:5   | Killed Kirke
 27069 | Lair:5   | Identified the +0 pair of gloves of Devotion {rF++}
                  | (Okawaru gifted it to you on level 5 of the Lair of Beasts)
 27069 | Lair:5   | Received a gift from Okawaru
 27402 | Lair:6   | Entered Level 6 of the Lair of Beasts
 27744 | Lair:6   | Got the Collected Works on Confrontation
 28321 | Lair:6   | Learned a level 2 spell: Blink
 29526 | Orc:1    | Entered Level 1 of the Orcish Mines
 29708 | Orc:1    | Noticed Maurice
 29728 | Orc:1    | Killed Maurice
 30017 | Orc:1    | Found Rucsor's Firing Range.
 30773 | Orc:2    | Entered Level 2 of the Orcish Mines
 30773 | Orc:2    | Found a staircase to the Elven Halls.
 30882 | Orc:2    | Noticed Saint Roka
 30911 | Orc:2    | Killed Saint Roka
 31459 | Orc:2    | Reached XP level 17. HP: 139/161 MP: 15/22
 31475 | Orc:2    | Found Wunotyenk's Weapon Emporium.
 31476 | Orc:2    | Identified the +3 robe of Protective Custody {Archmagi}
                  | (Okawaru gifted it to you on level 2 of the Orcish Mines)
 31476 | Orc:2    | Received a gift from Okawaru
 31691 | Orc:2    | Found Tofe's Book Shop.
 31711 | Orc:2    | Found an ancient bone altar of Kikubaaqudgha.
 31728 | Orc:2    | Found Zynixiom's Jewellery Shop.
 31768 | Orc:2    | Found a radiant altar of Vehumet.
 31835 | Orc:2    | Paralysed by an orc sorcerer for 4 turns
 31846 | Orc:2    | Found Ucheclil's Distillery.
 31882 | Orc:2    | Found Syofil's Antique Weapon Boutique.
 31887 | Orc:2    | Bought 2 potions of curing for 90 gold pieces
 31887 | Orc:2    | Bought a potion of might for 60 gold pieces
 31887 | Orc:2    | Bought a potion of curing for 45 gold pieces
 31887 | Orc:2    | Bought 2 potions of haste for 300 gold pieces
 31887 | Orc:2    | Bought a potion of curing for 45 gold pieces
 32002 | Orc:2    | Noticed Donald
 32017 | Orc:2    | Killed Donald
 33148 | Shoals:1 | Entered Level 1 of the Shoals
 34151 | Shoals:1 | Identified the +8 dagger of the Mushroom {holy, Will+}
 34152 | Shoals:1 | Noticed jfcaron's ghost (adept DjAE)
 34153 | Shoals:1 | Found a runed translucent gate.
 34158 | Shoals:1 | Found a runed translucent gate.
 34159 | Shoals:1 | Found a runed translucent gate.
 34427 | Shoals:1 | Killed jfcaron's ghost
 34550 | Shoals:2 | Received a gift from Okawaru
 34559 | Shoals:2 | Reached skill level 16 in Shields
 34781 | Shoals:2 | Reached skill level 1 in Translocations
 34852 | Shoals:2 | Reached skill level 1 in Spellcasting
 36131 | Shoals:4 | Entered Level 4 of the Shoals
 36319 | Shoals:4 | Identified the ring of Dissent {rC+ rN+ MP+9 Int+2}
 36827 | Shoals:4 | Identified the ring of Winter {rF++ rN+}
 36928 | Shoals:3 | Received a gift from Okawaru
 37321 | Shoals:3 | Reached XP level 18. HP: 164/172 MP: 23/23
 37987 | Shoals:4 | Reached skill level 17 in Shields
 38269 | Shoals:3 | Received a gift from Okawaru
 38829 | Shoals:4 | Got a barnacled rune of Zot
 39480 | Shoals:4 | Received a gift from Okawaru
 40281 | Spider:1 | Entered Level 1 of the Spider Nest
 40281 | Spider:1 | Noticed Rupert
 40320 | Lair:4   | Killed Rupert
 41197 | Spider:1 | Identified the +1 hand axe of Fee Simple {venom, Str+4}
                  | (Okawaru gifted it to you on level 1 of the Spider Nest)
 41197 | Spider:1 | Received a gift from Okawaru
 41997 | Spider:2 | You fall into a shaft and drop 1 floor!
 42089 | Spider:3 | Received a gift from Okawaru
 42832 | Spider:2 | Reached skill level 18 in Shields
 43709 | Spider:3 | Identified Roxanne's Collected Works on Transmutation
 43709 | Spider:3 | Noticed Roxanne
 44217 | Spider:3 | Identified the +2 cloak "Picliune" {Harm rElec}
 44324 | Spider:3 | Reached XP level 19. HP: 181/181 MP: 24/24
 44957 | Spider:3 | Killed Roxanne
 45064 | Spider:4 | Entered Level 4 of the Spider Nest
 45127 | Spider:4 | Identified the +7 mace of the Two Names {flame, rPois rC+
                  | rN+}
 45540 | Spider:4 | Received a gift from Okawaru
 46056 | Spider:4 | Reached skill level 19 in Shields
 46258 | Spider:4 | Got a gossamer rune of Zot
 46682 | Vaults:1 | Entered Level 1 of the Vaults
 46759 | Vaults:1 | Found a crumbling gateway.
 46768 | Desolati | Entered the Desolation of Salt
 47319 | Desolati | Received a gift from Okawaru
 47961 | Desolati | Identified the +7 hunting sling of Dakkeoge {flame, rF-
                  | Str+5 SInv Stlth+}
 47962 | Desolati | Identified the -2 pair of gloves "Ewirghen" {rElec rF+
                  | Will+ Dex-4}
 48340 | Desolati | Reached skill level 20 in Shields
 48411 | Desolati | Got the Almanac of the Aerial Voyage
 48424 | Desolati | Identified the amulet "Qunicoh" {Reflect Rampage Int+5
                  | Dex-5 SH+5 SInv}
 48704 | Desolati | Got Fakiac's Compendium of Dusty Necromancy
 48718 | Desolati | Received a gift from Okawaru
 48919 | Desolati | Identified the +6 plate armour of Paranoia {+Blink +Inv
                  | rN+++ Dex-2}
 48956 | Desolati | Identified the +0 plate armour of Bright Birdsong {Rampage}
 49269 | Vaults:1 | Reached skill level 1 in Evocations
 49354 | Vaults:1 | Reached XP level 20. HP: 167/193 MP: 25/25
 51546 | Vaults:2 | Reached skill level 21 in Shields
 51599 | Vaults:2 | Paralysed by a great orb of eyes for 3 turns
 51706 | Vaults:2 | Received a gift from Okawaru
 52023 | Vaults:2 | Cast into level 2 of the Abyss (a wizard)
 52279 | Vaults:2 | Escaped the Abyss
 53075 | Vaults:2 | Received a gift from Okawaru
 53087 | Vaults:2 | Reached skill level 22 in Shields
 53636 | Vaults:3 | Reached XP level 21. HP: 202/203 MP: 26/26
 53983 | Vaults:3 | Received a gift from Okawaru
 55113 | Vaults:3 | Received a gift from Okawaru
 55124 | Vaults:3 | Reached skill level 23 in Shields
 55287 | Vaults:3 | Found a staircase to the Crypt.
 55508 | Vaults:3 | Identified the +3 war axe of the Aged Spines {speed, rN+
                  | Str+2 Int+2}
 56370 | Vaults:4 | Found a runed translucent gate.
 56370 | Vaults:4 | Found a runed translucent gate.
 56370 | Vaults:4 | Found a runed translucent gate.
 56371 | Vaults:4 | Found an opulent altar of Gozag.
 56372 | Vaults:4 | Noticed EnronHubbard's ghost (veteran OgWr)
 57503 | D:2      | Bought a scroll of summoning for 133 gold pieces
 57503 | D:2      | Bought 2 scrolls of magic mapping for 98 gold pieces
 57503 | D:2      | Bought a scroll of teleportation for 42 gold pieces
 57814 | Depths:1 | Entered Level 1 of the Depths
 57814 | Depths:1 | Found a gateway to Hell.
 57904 | Depths:1 | Identified the +1 hat "Faeruahu" {Rampage rF+ Dex+3}
                  | (Okawaru gifted it to you on level 1 of the Depths)
 57904 | Depths:1 | Received a gift from Okawaru
 57923 | Depths:1 | Found a blossoming altar of Fedhas.
 58195 | Depths:1 | Found a hazy altar of Hepliaklqana.
 58265 | Depths:1 | Reached XP level 22. HP: 188/214 MP: 27/27
 58589 | Depths:1 | Found a portal to a secret trove of treasure.
 58862 | Depths:1 | Identified the +4 rapier of Zasko {antimagic, Fragile
                  | Dex+5}
 59023 | Depths:2 | Reached skill level 24 in Shields
 59026 | Depths:2 | Cast into level 2 of the Abyss (a deep elf sorcerer)
 59121 | Abyss:4  | Identified the +1 ring mail of Whack-A-Mole {Int+4 Dex-5}
 59175 | Abyss:4  | Paralysed by an air elemental for 1 turns
 59460 | Depths:2 | Escaped the Abyss
 59718 | Depths:1 | You paid a toll of 15 scrolls of teleportation to enter a
                  | treasure trove
 59719 | Trove    | Entered a treasure trove
 59753 | Trove    | Identified the amulet of Heresy {RegenMP rElec}
 59759 | Trove    | Identified the amulet of Wyihi {Spirit *Slow rC- Regen+
                  | Str+10}
 59821 | Trove    | Identified the +8 war axe of Ytraojusm {freeze, rCorr Str-3
                  | Dex+8 Stlth-}
 60187 | Depths:2 | Found a one-way gate to the infinite horrors of the Abyss.
 60586 | Depths:2 | Found a gateway to a ziggurat.
 60690 | Depths:2 | Received a gift from Okawaru
 61007 | Depths:2 | Found a hide-covered altar of Uskayaw.
 61238 | Depths:3 | Paralysed by a vampire knight for 5 turns
 61244 | Depths:3 | HP: 8/215 [frost giant[a glowing orange brain] (3)]
 61244 | Depths:3 | Demolished by a stone giant

Illustrated notes

Levels and vault maps discovered:
D:1:      sevenhm_arrival_forest_fort_small_6, layout_basic
D:2:      layout_loops_cross, serial_shops, shop_scrolls
D:3:      layout_loops_ring, bloody_trog, grunt_temple_overflow_open,
          shapermc_ecumenical_altar_hornbeckon, ebering_ghost_disaster_area,
          kennysheep_boxes
D:4:      layout_loops_cross, uniq_eustachio, uniq_pikel
D:5:      layout_loops_corners, minmay_temple_entry_stoned_glass, minivault_4
D:6:      layout_basic, uniq_maggie
D:7:      layout_basic, uniq_duvessa, uniq_harold
D:8:      layout_loops_ring, uniq_psyche
D:9:      layout_basic, mainiacjoe_overflow_alcove_1, amcnicky_altar_gilded,
          zombieorc1_lemuel
D:10:     kennysheep_spiral_hall, layout_cave_pools,
          mainiacjoe_overflow_alcove_4, minivault_20, uniq_grum, uniq_urug
D:11:     layout_rooms, minmay_lair_entry_grove
D:12:     layout_small_grid
D:13:     layout_basic, uniq_nessos
D:14:     layout_stronghold, ximxim_vaults_locker_room,
          minmay_misc_feat_pillars, uniq_josephine, uniq_jorgrun
D:15:     hangedman_depths_entry_civil_slaughter, layout_rooms, serial_shops,
          nicolae_diamond_shop, moated_statue, minmay_misc_feat_iff,
          vehumet_altar_wand_db
Temple:   regret_index_temple_waves
Lair:1:   layout_loops_ring, gauntlet_entry_generic, grunt_megastairs_2
Lair:2:   layout_small_grid, nicolae_volcano_entry_lava_flow,
          eino_small_chamber_without_monster
Lair:3:   regret_index_combs_of_tragedy, layout_regular_city, grunt_megastairs_1
Lair:4:   layout_regular_city, shoals_dummy_entry, spider_nest_entry_rubble,
          serial_bayou_lagoon_a, lemuel_oklob_altar, serial_bayou_shore_b
Lair:5:   layout_hall_layers, slime_dummy, st_stairs_6, serial_bayou_ford_a,
          grunt_megastairs_4, lemuel_fruit_fields, minmay_lair_oklob_chamber,
          uniq_kirke
Lair:6:   due_jungle_book, layout_regular_city, lemuel_fruit_fields
Shoals:1: layout_shoals, gammafunk_ghost_split, overgrown_statue
Shoals:2: layout_shoals, nicolae_shoals_loop_pool
Shoals:3: layout_shoals, nicolae_shoals_lost_giant_amphitheater
Shoals:4: shoals_end_simple, layout_shoals, nicolae_shoals_lost_giant_hut
Spider:1: layout_spider_delve, drop_trap, hangedman_spider_tarantella_strand,
          uniq_rupert
Spider:2: layout_spider_delve
Spider:3: layout_chambers, uniq_roxanne
Spider:4: grunt_spider_rune_island
Orc:1:    layout_diamond_mine, library_closet, abandoned_shop,
          nicolae_shop_firing_range, uniq_maurice
Orc:2:    kennysheep_orc_mage_school, layout_diamond_mine, serial_shops, shop,
          uniq_saint_roka, uniq_donald
Vaults:1: ontoclasm_vaults_twist, v_alt_pattern_2, ontoclasm_vaults_eye,
          nicolae_vaults_circle_grid_b, v_misc_29, vaults_room_octagon,
          hangedman_vaults_corner_blocks, vaults_dpeg_encased_lava,
          vaults_dpeg_ring, nicolae_vaults_theta, vaults_mumra_chevron,
          layout_vaults_big_room, portal_desolation_entry_nicolae_slug
Vaults:2: nicolae_vaults_network_square, vaults_room_fancy_cross, v_misc_26,
          vaults_room_door_ring, vaults_dpeg_hooks, vaults_mumra_chevron_long,
          ontoclasm_vaults_ring_large, nicolae_vaults_ninety_degrees,
          ontoclasm_vaults_gateway, v_misc_2, v_alt_pattern_1,
          hangedman_vaults_pinch, hangedman_vaults_trim,
          nicolae_vaults_shelves_hall, v_alt_pattern_4,
          ontoclasm_vaults_shuriken, layout_vaults_omnibox
Vaults:3: vaults_room_pools, ontoclasm_vaults_hangar, v_misc_31,
          hangedman_vaults_hard_town_square, hangedman_vaults_impose,
          hangedman_vaults_cutoff, hangedman_vaults_restitches,
          minmay_crypt_entry_simple_round, layout_vaults_omnicross
Vaults:4: ebering_vaults_ghost_gozag, hangedman_vaults_impose,
          grunt_vaults_bifocal, nicolae_vaults_little_ls, nicolae_vaults_theta,
          vaults_room_grid, v_misc_13, v_misc_17, vaults_room_fours,
          ontoclasm_vaults_decontamination, st_cross, ontoclasm_vaults_fault,
          v_misc_14, layout_vaults_omnigrid, uniq_margery
Depths:1: layout_cave_pools, hell_entry, serial_sigils,
          serial_sigils_hangedman_gut, serial_sigils_hangedman_confine,
          serial_sigils_hangedman_etch, serial_sigils_hangedman_gut,
          serial_sigils_hangedman_carve, serial_sigils_hangedman_clutch,
          enter_trove_0, fedhas_altar_2, minmay_misc_feat_cross,
          nicolae_hepliaklqana_monster_ancestors
Depths:2: minmay_tri_stars, layout_gridlike, enter_ziggurat_f, abyss_entry,
          hellmouth_1, nicolae_uskayaw_dance_hall, firewood_loft,
          serial_bayou_shore_a
Depths:3: minmay_expanding_circles, layout_gridlike, pan_entry, hell_entry,
          old_standard_altar, lightli_enter_wizlab_magi_temple, feat_on_display,
          infiniplex_staircase_spiral_double

Skill      XL: |  1  2  3  4  5  6  7  8  9 10 11 12 13 14 15 16 17 18 19 20 21 22 |
---------------+-------------------------------------------------------------------+-----
Axes           | 3 4 6 7 9 10 11 12 13 15 17 18 | 18.0
Fighting       | 4 6 7 9 10 11 12 13 15 17 18 19 20 21 22 | 22.2
Armour         | 4 6 7 9 10 11 12 14 15 17 18 19 20 21 22 | 22.3
Shields        | 4 6 7 9 10 11 12 13 15 16 18 20 22 23 24 | 24.7
Dodging        | 1 4 |  4.0
Invocations    | 1 2 3 6 8 |  8.0
Translocations | 2 4 |  4.0
Spellcasting   | 2 4 |  4.0
Evocations     | 2 |  2.0

Action                   |  1- 3 |  4- 6 |  7- 9 | 10-12 | 13-15 | 16-18 | 19-21 | 22-24 || total
-------------------------+-------+-------+-------+-------+-------+-------+-------+-------++-------
Melee: War axe           |    86 |   103 |   238 |   220 |       |       |       |       ||   647
       Headbutt          |     8 |    19 |    34 |   147 |   116 |   346 |   297 |    77 ||  1044
       Hand axe          |       |       |       |   394 |   127 |   459 |   235 |       ||  1215
       Broad axe         |       |       |       |       |   508 |  1077 |  1077 |   328 ||  2990
Throw: Boomerang         |     7 |    21 |    85 |   205 |    50 |   226 |   195 |    22 ||   811
Invok: Heroism           |       |       |     2 |    11 |    14 |    19 |    14 |     4 ||    64
       Finesse           |       |       |       |     4 |     6 |     9 |     2 |     2 ||    23
  Use: Scroll            |       |     9 |     1 |     8 |     7 |     6 |     6 |       ||    37
       Potion            |       |     2 |       |     1 |     2 |     5 |     3 |     1 ||    14
 Stab: Distracted        |       |       |       |       |     1 |       |       |       ||     1
       Held in net/web   |       |       |       |       |       |       |     1 |       ||     1
Armor: Scale mail        |    46 |     3 |       |       |       |       |       |       ||    49
       Chain mail        |       |    58 |    12 |       |       |       |       |       ||    70
       Leather armour    |       |       |    61 |    10 |       |       |       |       ||    71
       Plate armour      |       |       |       |   227 |   282 |   659 |   394 |    91 ||  1653
Dodge: Dodged            |    35 |    28 |    80 |   159 |   143 |   262 |   167 |    37 ||   911
Block: Kite shield       |    59 |    59 |   125 |   356 |   373 |   178 |       |       ||  1150
       Tower shield      |       |       |       |       |       |  1222 |  1220 |   278 ||  2720
       Reflection        |       |       |       |       |       |       |   105 |    17 ||   122
